[Event "FIDE World School-ch O-13 2025"]
[Site "Vrnjacka Banja"]
[Date "2025.03.21"]
[Round "2.8"]
[White "Rana, Oliver"]
[Black "Yang, Maxwell"]
[Result "1/2-1/2"]
[Annotator "TA"]
[ECO "D74"]
[WhiteElo "1808"]
[BlackElo "1970"]
[PlyCount "91"]
[EventDate "2025.03.19"]
[EventType "swiss"]
[EventCountry "SRB"]
[SourceTitle "playchess.com"]
[Source "ChessBase"]
[SourceQuality "1"]
[TimeControl "5400+30"]

1. d4 Nf6 2. c4 g6 3. Nf3 Bg7 4. g3 O-O 5. Bg2 d5 6. cxd5 Nxd5 7. e4 Nb6 8. O-O {[%emt 0:00:14] The main line 8.0-0 scores better than 8.Nc3.} Bg4 {[%emt 0:00:05] D74: Fianchetto Grünfeld: Main Line (5 Nf3 0-0 6 cxd5 Nxd5 7 0-0).} 9. Be3 (9. d5 $11) 9... Nc6 (9... c5 $5 10. d5 (10. dxc5 Nc4 $17) 10... Bxb2 $11) 10. e5 f6 11. exf6 $146 (11. Nc3 fxe5 12. Qb3+ Kh8 13. Nxe5 Nxe5 14. dxe5 Qc8 15. a4 Be6 16. Qb4 c6 17. Qxe7 {1-0 Nguyen,D (2406)-Sychev,K (2572) PNWCC Online blitz JP 15th 2020 (2)}) 11... Bxf6 12. Nc3 Bxd4 13. Qb3+ {[%emt 0:05:28] White sacrificed a pawn} (13. Bxd4 Nxd4 14. Qxd4 Bxf3 $11) 13... Kg7 14. Nxd4 Nxd4 15. Bxd4+ Qxd4 16. Nb5 Qd7 17. Bxb7 (17. Qc3+ Kg8 18. Qb3+ (18. Nxc7 Rac8 $16) 18... Be6 $17) ({Better is} 17. Rfe1 $16) 17... Rab8 $1 $11 18. Bg2 {[%emt 0:03:08][%cal Oa1c1] Strongly threatening Rac1!.} (18. f3 $5 Rxb7 19. fxg4 $11) 18... Be2 $1 19. Nxa7 (19. Qc3+ $11 {remains equal.} Rf6 20. Nxc7 Bxf1 21. Rxf1) 19... Bxf1 $17 20. Rxf1 {[%emt 0:00:54] [#]} Rf6 {[%emt 0:00:14] Prevents Nc6} (20... Na4 $6 21. Qe3 $11) 21. Qc2 {[%emt 0:01:29] [#]} (21. Re1 $17) 21... c5 $1 $19 22. Nc6 Rxc6 23. Bxc6 Qxc6 24. Re1 Nd5 25. Qe4 $2 (25. Qe2 {was called for.} Rb7 26. b3) 25... Qd6 26. b3 Rb4 27. Qc2 Rd4 28. Rc1 Nb4 29. Qxc5 Qxc5 30. Rxc5 Nxa2 {[%emt 0:00:06][%mdl 4096] Endgame KRN-KR} 31. Rc7 Kf6 32. Kg2 Rb4 $2 (32... Nb4 $19 {and ...Rd2 should not be overlooked} 33. Rb7 Nd5) 33. Rc2 $11 {[%emt 0:00:08] The position is equal.} Rxb3 34. Rxa2 {[%emt 0:00:07] KR-KR} h5 35. h4 Kf5 36. Ra5+ e5 37. Ra4 Rb2 38. Kg1 Rc2 39. Kg2 Rb2 40. Kg1 Rd2 41. Kg2 Re2 42. Kf3 Rb2 43. Kg2 Rd2 44. Rb4 Ra2 45. Rc4 Rd2 46. Ra4 {[%emt 0:00:03] Whites escaped into a draw.   Weighted Error Value: White=0.30/Black=0.23 (precise)   Missed win:     	---       	Black=1      Mistake:       	White=5     	---        Inaccurate:     	White=2     	Black=6      OK:         	White=10    	Black=12     Best:        	---       	Black=1      Strong:       	---       	Black=2      Brilliant:      	---       	Black=1} 1/2-1/2

[Event "FIDE World School-ch O-13 2025"]
[Site "Vrnjacka Banja"]
[Date "2025.03.21"]
[Round "2.8"]
[White "Sonmez, Zeynep"]
[Black "Gaer, Sofiya Ig"]
[Result "*"]
[Annotator "NA RC"]
[ECO "D74"]
[WhiteElo "1526"]
[BlackElo "1733"]
[PlyCount "66"]
[EventDate "2025.03.19"]
[EventType "swiss"]
[EventCountry "SRB"]
[SourceTitle "playchess.com"]
[Source "ChessBase"]
[SourceQuality "1"]
[TimeControl "5400+30"]

1. d4 Nf6 2. c4 g6 3. Nf3 Bg7 4. g3 O-O 5. Bg2 d5 6. cxd5 Nxd5 7. e4 Nb6 8. O-O Bg4 9. Be3 Nc6 10. e5 f6 11. exf6 Bxf6 12. Nc3 Bxd4 13. Qb3+ Kg7 14. Nxd4 Nxd4 15. Bxd4+ Qxd4 16. Nb5 Qd7 17. Bxb7 Rab8 18. Bg2 Be2 19. Nxa7 Bxf1 20. Rxf1 Rf6 21. Qc2 c5 22. Nc6 Rxc6 23. Bxc6 Qxc6 24. Re1 Nd5 25. Qe4 Qd6 26. b3 Rb4 27. Qc2 Rd4 28. Rc1 Nb4 29. Qxc5 Qxc5 30. Rxc5 Nxa2 31. Rc7 Kf6 32. Kg2 Rb4 33. Rc2 Rxb3 *